 Dungeon Crawl Stone Soup version 0.26-a0-707-g31817bcca1 (webtiles) character file.

Game seed: 16267539122618279657

7956 lunkers the Frost Mage (level 11, -1/70 HPs)
             Began as an Octopode Ice Elementalist on Oct 26, 2020.
             Was a Priest of Vehumet.
             Slain by a seven-headed hydra (15 damage)
             ... on level 1 of the Lair of Beasts.
             The game lasted 00:23:06 (10083 turns).

lunkers the Frost Mage (Octopode Ice Elementalist) Turns: 10083, Time: 00:23:06

Health: -1/70      AC:  1    Str:  8    XL:     11   Next: 23%
Magic:  8/24       EV: 13    Int: 20    God:    Vehumet [***...]
Gold:   564        SH:  0    Dex: 13    Spells: 17/28 levels left

rFire    + . .     SeeInvis .   b - +2 dagger (drain)
rCold    . . .     Faith    .   (no shield)
rNeg     + . .     Spirit   .   (helmet restricted)
rPois    .         Reflect  .   m - amulet of regeneration
rElec    .         Harm     .   N - ring of stealth
rCorr    .         Rampage  .   j - +4 ring of slaying
MR       .....                  I - +4 ring of slaying
Stlth    ++++......             t - ring of protection from fire
HPRegen  0.61/turn              v - ring of flight
MPRegen  0.19/turn              y - ring of positive energy
                                (no ring)
                                (no ring)

@: very slightly contaminated
A: almost no armour, stealthy swim, amphibious, 8 rings, constrict 8, camouflage
1, gelatinous body 1
a: Renounce Religion, Evoke Flight


You were on level 1 of the Lair of Beasts.
You worshipped Vehumet.
Vehumet was most pleased with you.
You visited 3 branches of the dungeon, and saw 12 of its levels.
You also visited: Sewer.

You collected 564 gold pieces.

Inventory:

Hand Weapons
 b - a +2 dagger of draining (weapon)
 G - a +3 short sword
Magical Staves
 a - an uncursed staff of conjuration
Jewellery
 j - a +4 ring of slaying (right tentacle)
 m - an amulet of regeneration (around mantle)
 t - a ring of protection from fire (on tentacle)
 v - a ring of flight (on tentacle)
 y - a ring of positive energy (on tentacle)
 I - a +4 ring of slaying (on tentacle)
 N - a ring of stealth (left tentacle)
Wands
 q - a wand of digging (4)
 u - a wand of random effects (5)
 x - a wand of disintegration (2)
 z - a wand of enslavement (6)
 B - a wand of iceblast (7)
 D - a wand of acid (1)
 E - a wand of flame (22)
Scrolls
 e - 7 scrolls of teleportation
 g - 3 scrolls of enchant weapon
 p - 2 scrolls of fear
 r - a scroll of fog
 w - a scroll of amnesia
 A - 4 scrolls of remove curse
 C - a scroll of enchant armour
 K - a scroll of magic mapping
 L - a scroll of blinking
Potions
 c - 4 potions of cancellation
 d - a potion of heal wounds {unknown}
 f - a potion of ambrosia
 h - 4 potions of flight
 i - 4 potions of brilliance
 k - 4 potions of mutation
 l - a potion of stabbing {unknown}
 n - 4 potions of curing
 o - 3 potions of invisibility {unknown}
 s - 2 potions of degeneration {unknown}
 F - a potion of haste {unknown}
 J - a potion of lignification {unknown}
 M - a potion of resistance {unknown}


   Skills:
 + Level 4.4 Fighting
 - Level 2.0 Dodging
 - Level 2.6 Stealth
 + Level 9.0 Spellcasting
 * Level 13.5 Ice Magic


You had 17 spell levels left.
You knew the following spells:

 Your Spells              Type           Power        Failure   Level
a - Freeze                Ice            ####         1%          1
b - Frozen Ramparts       Ice            ######       1%          3
c - Ozocubu's Armour      Ice            ######..     1%          3
d - Summon Ice Beast      Ice/Summ       #####...     4%          4

Your spell library contained the following spells:

 Spells                   Type           Power        Failure   Level
 Inner Flame              Hex/Fire       #.......     6%          3
 Hailstorm                Conj/Ice       #####...     1%          4
 Magic Dart               Conj           #...         2%          1
 Conjure Flame            Conj/Fire      #.......     6%          3
 Mephitic Cloud           Conj/Pois/Air  #.......     6%          3
 Apportation              Tloc           #.....       8%          1
 Blink                    Tloc           N/A          12%         2
 Call Imp                 Summ           #.......     12%         2
 Slow                     Hex            #.......     12%         2
 Lesser Beckoning         Tloc           #.........   22%         3
 Tukima's Dance           Hex            #.......     22%         3
 Alistair's Intoxication  Tmut/Pois      #........    91%         5
 Invisibility             Hex            #.......     100%        6


Dungeon Overview and Level Annotations

Branches:
Dungeon (10/15)            Temple (1/1) D:4            Lair (1/6) D:9
    Orc (0/2) D:10          Sewer (visited)

Altars:
Ashenzari
Cheibriados
Dithmenos
Elyvilon
Fedhas
Gozag
Hepliaklqana
Kikubaaqudgha
Makhleb
Nemelex Xobeh
Okawaru
Qazlal
Ru
Sif Muna
Trog
Uskayaw
Vehumet
Wu Jian
Xom
Yredelemnul
Zin
The Shining One


Innate Abilities, Weirdness & Mutations

You cannot wear most types of armour.
You are very stealthy in the water. (Stealth+)
You are amphibious.
You can wear up to eight rings at the same time.
You can use your tentacles to constrict eight enemies at once.
Your skin changes colour to match your surroundings (Stealth+).
Your rubbery body absorbs attacks. (AC +1, EV +1)


Message History

The seven-headed hydra bites you.
* * * LOW HITPOINT WARNING * * *
The seven-headed hydra bites you!
* * * LOW HITPOINT WARNING * * *
The seven-headed hydra closely misses you.
The seven-headed hydra bites you.
* * * LOW HITPOINT WARNING * * *
Your ice beast hits the seven-headed hydra.
Your ice beast freezes the seven-headed hydra!
Casting: Summon Ice Beast (dangerous; 4% risk of failure)
Confirm with . or Enter, or press ? or * to list all spells.
A chill wind blows around you. The seven-headed hydra misses you.
The seven-headed hydra bites you!
* * * LOW HITPOINT WARNING * * *
The seven-headed hydra closely misses you.
The seven-headed hydra bites you.
* * * LOW HITPOINT WARNING * * *
The seven-headed hydra barely misses you.
The seven-headed hydra bites you!
You die...

........##.......#
...####....##.##.#
≈..# ####.......#
.≈.. #####.###
.... #..P# ..#
##..## .. ##.Y#
#.##.##.##
......D@.#
.....Y.....#
......Y..###
......$..# ..
.........# .#
...(.....# #### #
###....###
##.###.# .#P..
......#


You could see a seven-headed hydra and 3 friendly ice beasts.

Vanquished Creatures
  Erolcha (D:9)
  Harold (D:9)
  3 death yaks (D:9)
  Prince Ribbit (D:9)
  A wyvern (D:8)
  A steam dragon (D:9)
  4 water moccasins
  Duvessa (D:4)
  An orc warrior (D:9)
  An ice beast (D:9)
  An eye of draining (D:6)
  2 sky beasts (D:6)
  2 black bears (D:9)
  A phantom (D:5)
  7 ogres
  5 centaurs
  3 big kobolds (D:8)
  2 bullfrogs
  Dowan (D:4)
  2 scorpions
  5 wights (D:9)
  A howler monkey (D:3)
  A bullfrog zombie (D:5)
  4 orc priests
  Crazy Yiuf (D:6)
  2 centaur skeletons
  A jelly (D:8)
  2 hounds
  2 orc wizards
  3 bullfrog skeletons
  3 iguanas
  A hell rat (D:9)
  8 worker ants
  A hound zombie (D:6)
  A worker ant zombie (D:5)
  16 adders
  9 gnolls
  3 river rats (D:6)
  2 shadow imps
  3 white imps
  An ufetubus (D:7)
  An ooze (D:1)
  An adder skeleton (D:7)
  7 worms
  2 dart slugs
  2 leopard geckos
  18 orcs
  4 ball pythons
  8 giant cockroaches
  6 hobgoblins
  16 jackals
  4 quokkas
  13 bats
  3 frilled lizards
  5 goblins
  21 kobolds
  A leopard gecko skeleton (D:7)
  A leopard gecko zombie (D:7)
  An orc skeleton (D:10)
  An orc zombie (D:10)
  A quokka skeleton (D:8)
  10 rats
237 creatures vanquished.

Vanquished Creatures (collateral kills)
  A water moccasin (Lair:1)
1 creature vanquished.

Vanquished Creatures (others)
  2 fungi (D:6)
2 creatures vanquished.

Grand Total: 240 creatures vanquished

Notes
Turn   | Place    | Note
-------+----------+-------------------------------------------
     0 | D:1      | lunkers the Octopode Ice Elementalist began the quest for
                  | the Orb.
     0 | D:1      | Reached XP level 1. HP: 11/11 MP: 3/3
   441 | D:1      | Reached XP level 2. HP: 17/17 MP: 1/5
  1096 | D:2      | Reached XP level 3. HP: 17/21 MP: 1/6
  1461 | D:2      | Reached skill level 5 in Ice Magic
  1461 | D:2      | Reached XP level 4. HP: 27/27 MP: 3/8
  2459 | D:2      | Learned a level 3 spell: Frozen Ramparts
  2463 | D:2      | Learned a level 3 spell: Ozocubu's Armour
  2525 | D:3      | Noticed an ogre
  2536 | D:3      | Killed an ogre
  2536 | D:3      | Reached skill level 6 in Ice Magic
  2536 | D:3      | Reached XP level 5. HP: 31/31 MP: 4/10
  2617 | D:3      | Found a faded altar of an unknown god.
  2627 | D:3      | Reached XP level 6. HP: 31/36 MP: 7/11
  2867 | D:3      | Found a shimmering altar of Xom.
  2868 | D:3      | Found a shimmering altar of Xom.
  2868 | D:3      | Found a shimmering altar of Xom.
  2868 | D:3      | Found a shimmering altar of Xom.
  2869 | D:3      | Found a shimmering altar of Xom.
  2869 | D:3      | Found a shimmering altar of Xom.
  2871 | D:3      | Found a shimmering altar of Xom.
  2872 | D:3      | Found a shimmering altar of Xom.
  2872 | D:3      | Found a shimmering altar of Xom.
  2872 | D:3      | Found a shimmering altar of Xom.
  3136 | D:4      | Found a bloodstained altar of Trog.
  3480 | D:4      | Reached skill level 7 in Ice Magic
  3541 | D:4      | Reached XP level 7. HP: 31/41 MP: 9/13
  3607 | D:4      | Found a staircase to the Ecumenical Temple.
  3624 | Temple   | Entered the Ecumenical Temple
  3930 | D:4      | Noticed a +0 dagger
  3930 | D:4      | Noticed a +0 hand axe
  4006 | D:4      | Noticed Dowan
  4012 | D:4      | Noticed Duvessa
  4017 | D:4      | Killed Duvessa
  4018 | D:4      | Killed Dowan
  4018 | D:4      | Reached skill level 8 in Ice Magic
  4149 | D:4      | Found a hide-covered altar of Uskayaw.
  4383 | D:5      | Entered Level 5 of the Dungeon
  4521 | D:5      | Reached skill level 5 in Spellcasting
  4521 | D:5      | Reached XP level 8. HP: 41/46 MP: 13/15
  4837 | D:5      | Learned a level 4 spell: Summon Ice Beast
  4904 | D:5      | Reached skill level 9 in Ice Magic
  5207 | D:5      | Found a radiant altar of Vehumet.
  5436 | D:5      | Became a worshipper of Vehumet
  5550 | D:5      | Found a blossoming altar of Fedhas.
  6156 | D:6      | Found a glowing drain.
  6160 | Sewer    | Entered a sewer
  6245 | Sewer    | Reached skill level 10 in Ice Magic
  6245 | Sewer    | Reached XP level 9. HP: 42/51 MP: 14/18
  6545 | D:6      | Reached * piety under Vehumet
  6545 | D:6      | Offered knowledge of Foxfire by Vehumet.
  6966 | D:6      | Found a runed translucent door.
  6967 | D:6      | Noticed Crazy Yiuf
  6974 | D:6      | Killed Crazy Yiuf
  7439 | D:7      | Found a glowing silver altar of Zin.
  7442 | D:7      | Found a sparkling altar of Nemelex Xobeh.
  7444 | D:7      | Found a bloodstained altar of Trog.
  7444 | D:7      | Found a hazy altar of Hepliaklqana.
  7445 | D:7      | Found a white marble altar of Elyvilon.
  7445 | D:7      | Found a sacrificial altar of Ru.
  7448 | D:7      | Found an ornate altar of the Wu Jian Council.
  7449 | D:7      | Found an iron altar of Okawaru.
  7953 | D:8      | Reached skill level 11 in Ice Magic
  8037 | D:8      | Offered knowledge of Sandblast by Vehumet.
  8039 | D:8      | Reached ** piety under Vehumet
  8441 | D:9      | Noticed Harold
  8460 | D:9      | Killed Harold
  8460 | D:9      | Reached skill level 12 in Ice Magic
  8460 | D:9      | Reached XP level 10. HP: 32/56 MP: 18/21
  8613 | D:9      | Noticed Erolcha
  8633 | D:9      | Killed Erolcha
  8688 | D:9      | Noticed a death yak
  8689 | D:9      | Noticed a death yak
  8731 | D:9      | Killed a death yak
  8934 | D:9      | Offered knowledge of Inner Flame by Vehumet.
  9134 | D:9      | Reached skill level 13 in Ice Magic
  9157 | D:9      | Reached *** piety under Vehumet
  9206 | D:9      | Noticed Prince Ribbit
  9267 | D:9      | Noticed a death yak
  9272 | D:9      | Found a staircase to the Lair.
  9299 | D:9      | Killed Prince Ribbit
  9321 | D:9      | Killed a death yak
  9321 | D:9      | Reached XP level 11. HP: 36/68 MP: 23/23
  9322 | D:9      | Killed a death yak
  9616 | D:10     | Entered Level 10 of the Dungeon
  9652 | D:10     | Found a staircase to the Orcish Mines.
  9777 | Lair:1   | Entered Level 1 of the Lair of Beasts
 10077 | Lair:1   | Noticed a seven-headed hydra
 10083 | Lair:1   | Slain by a seven-headed hydra

Illustrated notes

Levels and vault maps discovered:
D:1:      lemuel_arrival_hallway, layout_basic, hangedman_decor_slide_cut,
          minmay_pentomino_x2
D:2:      layout_basic
D:3:      layout_rooms, chequers_ecumenical_altar_island, xom_redecorated
D:4:      layout_gridville, dancing_weapons_uskayaw,
          minmay_temple_entry_drinking_statues, bloody_trog, uniq_duvessa
D:5:      layout_loops_corners, lemuel_doored_altar, hangedman_decor_opposing,
          fedhas_altar_3
D:6:      layout_basic, lightli_sewer_entry_pipes, uniq_crazy_yiuf_cottage
D:7:      layout_basic, minitemple
D:8:      layout_basic
D:9:      layout_roguey, dpeg_lair_monsters, lemuel_flame_loot_1, uniq_erolcha,
          uniq_prince_ribbit1, uniq_harold
D:10:     layout_loops_ring, zombieorc2_lemuel, serial_shops, shop,
          hangedman_fish_farm
Temple:   minmay_temple_curvy_loop
Lair:1:   layout_roguey, chequers_serial_rivers_micro_e,
          chequers_serial_rivers_large_a

Skill      XL: |  1  2  3  4  5  6  7  8  9 10 11 |
---------------+----------------------------------+-----
Ice Magic      | 5 6 7 8 10 12 13 | 13.5
Spellcasting   | 3 4 5 6 7 8 9 |  9.0
Fighting       | 3 4 |  4.4
Dodging        | |  2.0
Stealth        | |  2.6

Action                   |  1- 3 |  4- 6 |  7- 9 | 10-12 || total
-------------------------+-------+-------+-------+-------++-------
Melee: Unarmed           |     7 |     6 |    13 |       ||    26
       Constrict         |     1 |     1 |    19 |     9 ||    30
       Dagger            |       |       |    90 |    45 ||   135
       Tentacles         |       |       |    19 |    12 ||    31
 Cast: Freeze            |    39 |    78 |   121 |    23 ||   261
       Frozen Ramparts   |       |    11 |    22 |    10 ||    43
       Ozocubu's Armour  |       |       |     4 |     2 ||     6
       Summon Ice Beast  |       |       |       |     9 ||     9
Evoke: Wand              |       |       |    22 |    11 ||    33
  Use: Scroll            |       |     8 |     7 |     2 ||    17
 Stab: Sleeping          |       |       |     2 |     2 ||     4
Armor: Skin              |     2 |     4 |     8 |     5 ||    19
Dodge: Dodged            |    16 |    36 |   151 |    58 ||   261

Table legend: (Time is in decaauts)
 A = Elapsed time spent in this place.
 B = Non-inter-level travel time spent in this place.
 C = Inter-level travel time spent in this place.
 D = Time resting spent in this place.
 E = Time spent auto-exploring this place.
 F = Levels seen in this place.
 G = Mean time per level.
                   A        B        C        D        E       F      G
               +--------+--------+--------+--------+--------+-----+--------+
         Total |  10078 |   9647 |    431 |     18 |   7637 |  13 |  775.2 |
       Dungeon |   9416 |   8987 |    429 |     18 |   7086 |  10 |  941.6 |
        Temple |    206 |    204 |      2 |      0 |    177 |   1 |  206.0 |
          Lair |    305 |    305 |      0 |      0 |    263 |   1 |  305.0 |
         Sewer |    149 |    149 |      0 |      0 |    111 |   1 |  149.0 |
               +--------+--------+--------+--------+--------+-----+--------+

Top non-repeatable levels by time:
     D:2: 1398 daAuts
     D:9: 1332 daAuts
     D:5: 1286 daAuts
     D:4: 1176 daAuts
     D:6: 1128 daAuts
     D:1: 1090 daAuts
     D:8: 752 daAuts
     D:7: 597 daAuts
     D:3: 583 daAuts
  Lair:1: 305 daAuts
  Temple: 206 daAuts
   Sewer: 149 daAuts
    D:10: 70 daAuts
